[Event "NED-ch Women 2018"]
[Site "Amsterdam"]
[Date "2018.07.03"]
[Round "1"]
[White "Peng, Zhaoqin"]
[Black "Hortensius, Lisa"]
[Result "1-0"]
[ECO "A34"]
[WhiteElo "2352"]
[BlackElo "2169"]
[Annotator "ChessBase"]
[PlyCount "111"]
[EventDate "2018.07.02"]
[EventType "tourn"]
[EventCountry "NED"]
[SourceTitle "playchess.com"]
[Source "ChessBase"]
[SourceQuality "1"]
[TimeControl "40/5400+30:1800+30"]

1. e4 c5 2. Nf3 e6 3. c4 Nc6 4. Nc3 Nf6 5. Be2 Be7 6. d4 cxd4 7. Nxd4 Qc7 8. Ndb5 Qb8 9. Be3 a6 10. Nd4 O-O 11. O-O d6 12. Rc1 Ne5 13. f4 Ned7 14. Bf3 h6 15. g4 Nh7 16. Bg2 g5 17. h4 Kg7 18. Qd2 Rg8 19. Qf2 gxh4 20. Kh1 Qc7 21. Nf3 Qd8 22. Rcd1 Kh8 23. Bd4+ Bf6 24. e5 dxe5 25. Nxe5 Nxe5 26. Bxe5 Qf8 27. Qxh4 Qg7 28. Bxf6 Qxf6 29. Qh5 Qg7 30. Bf3 f6 31. Ne4 Bd7 32. Nc5 Bc6 33. Bxc6 bxc6 34. Rg1 e5 35. Rd7 Qg6 36. fxe5 Qxh5+ 37. gxh5 Rxg1+ 38. Kxg1 fxe5 39. Rd6 Rb8 40. b3 Rg8+ 41. Kf2 Rf8+ 42. Ke3 Nf6 43. Rxc6 Kh7 44. Rxa6 Nxh5 45. Nd7 Re8 46. c5 Kg7 47. c6 Nf4 48. Ra5 Ne6 49. Rxe5 Kf7 50. Nb6 Re7 51. Nd5 Re8 52. a4 Rc8 53. c7 h5 54. Rxh5 Kg6 55. Rh4 Kf7 56. b4 1-0

[Event "NED-ch Women 2018"]
[Site "Amsterdam"]
[Date "2018.07.03"]
[Round "1"]
[White "Lanchava, Tea"]
[Black "Ratsma, Rosa"]
[Result "1-0"]
[ECO "A15"]
[WhiteElo "2297"]
[BlackElo "2265"]
[Annotator "ChessBase"]
[PlyCount "151"]
[EventDate "2018.07.02"]
[EventType "tourn"]
[EventCountry "NED"]
[SourceTitle "playchess.com"]
[Source "ChessBase"]
[SourceQuality "1"]
[TimeControl "40/5400+30:1800+30"]

1. c4 Nf6 2. g3 e6 3. Bg2 d5 4. a3 Be7 5. d3 O-O 6. Nd2 c5 7. Ngf3 Nc6 8. O-O Re8 9. cxd5 exd5 10. b3 d4 11. Bb2 Bf5 12. h3 Qd7 13. Kh2 Nd5 14. Rc1 h5 15. Ne4 h4 16. Nxh4 Bxh4 17. Nxc5 Qd6 18. Nxb7 Qh6 19. Rc5 Bc8 20. Bc1 Qe6 21. Rxd5 Bxb7 22. gxh4 Ne7 23. Rg5 Bxg2 24. Rxg2 Nf5 25. e4 dxe3 26. fxe3 Nxh4 27. Rg4 Ng6 28. d4 Rac8 29. Qd3 Qd6+ 30. Rg3 Rc7 31. b4 Rec8 32. Bd2 Rc2 33. Rf2 Ne7 34. Qe4 g6 35. Kg2 Nd5 36. Qf3 R8c7 37. e4 Nc3 38. Bf4 Rxf2+ 39. Qxf2 Qc6 40. Bxc7 Nxe4 41. Qf3 Qc2+ 42. Kh1 Qxc7 43. Rg1 Nd2 44. Qg2 Qf4 45. d5 Ne4 46. Re1 Ng3+ 47. Kg1 Nf5 48. Qf2 Qc4 49. Qf3 Qd4+ 50. Kh2 Qd2+ 51. Qe2 Qxd5 52. Qe5 Qb3 53. Rc1 Kh7 54. Rc3 Qb2+ 55. Kg1 Nh4 56. Qg3 Qa1+ 57. Kf2 Qb2+ 58. Kf1 Qb1+ 59. Ke2 Nf5 60. Qd3 Qb2+ 61. Kd1 Qf2 62. Qd2 Qf1+ 63. Kc2 Qa1 64. Kb3 Qb1+ 65. Ka4 Qe4 66. Rc7 Qe8+ 67. Qd7 Qe2 68. Qxf7+ Kh6 69. Rxa7 Qd1+ 70. Ka5 Qd8+ 71. Qc7 Qd5+ 72. b5 Qd2+ 73. Ka6 Qe3 74. a4 Qe6+ 75. Qc6 Qb3 76. Qc1+ 1-0

[Event "NED-ch Women 2018"]
[Site "Amsterdam"]
[Date "2018.07.03"]
[Round "1"]
[White "De Mie, Mariska de"]
[Black "Haast, Anne"]
[Result "0-1"]
[ECO "C77"]
[WhiteElo "2193"]
[BlackElo "2343"]
[Annotator "ChessBase"]
[PlyCount "90"]
[EventDate "2018.07.02"]
[EventType "tourn"]
[EventCountry "NED"]
[SourceTitle "playchess.com"]
[Source "ChessBase"]
[SourceQuality "1"]
[TimeControl "40/5400+30:1800+30"]

1. e4 e5 2. Nf3 Nc6 3. Bb5 a6 4. Ba4 Nf6 5. d3 b5 6. Bb3 Be7 7. a4 Rb8 8. axb5 axb5 9. Nc3 d6 10. Nd5 Nxd5 11. Bxd5 Bd7 12. Ng5 Bxg5 13. Qh5 O-O 14. Bxg5 Qe8 15. O-O Be6 16. Bxe6 Qxe6 17. Be3 f5 18. Qh3 Rbe8 19. Ra6 Nd8 20. Ra7 f4 21. Qxe6+ Nxe6 22. Bd2 Rc8 23. f3 Nd4 24. c3 Nb3 25. Be1 Nc1 26. Rb7 Nxd3 27. Rxb5 Rb8 28. Rxb8 Rxb8 29. b4 Ra8 30. g3 g5 31. Bd2 Ra2 32. Rd1 Nb2 33. Rb1 Nc4 34. Be1 Kf7 35. Bf2 Nd2 36. Rd1 Nxf3+ 37. Kg2 Nd2 38. Re1 Rc2 39. h4 gxh4 40. gxf4 exf4 41. e5 h3+ 42. Kxh3 Nf3 43. e6+ Ke7 44. Rf1 Kxe6 45. Kg2 Ne5 0-1

[Event "NED-ch Women 2018"]
[Site "Amsterdam"]
[Date "2018.07.03"]
[Round "1"]
[White "Keetman, Maaike"]
[Black "Paulet, Iozefina"]
[Result "1/2-1/2"]
[ECO "C06"]
[WhiteElo "2190"]
[BlackElo "2286"]
[Annotator "ChessBase"]
[PlyCount "107"]
[EventDate "2018.07.02"]
[EventType "tourn"]
[EventCountry "NED"]
[SourceTitle "playchess.com"]
[Source "ChessBase"]
[SourceQuality "1"]
[TimeControl "40/5400+30:1800+30"]

1. e4 e6 2. d4 d5 3. Nd2 Be7 4. Ngf3 Nf6 5. e5 Nfd7 6. Bd3 c5 7. c3 Nc6 8. O-O g5 9. dxc5 g4 10. Nd4 Ndxe5 11. Bb5 Bd7 12. Bxc6 bxc6 13. b4 Ng6 14. f4 gxf3 15. Qxf3 f6 16. N2b3 e5 17. Nf5 Bxf5 18. Qxf5 Qd7 19. a4 Qxf5 20. Rxf5 h5 21. Be3 a6 22. Rd1 O-O-O 23. Rf2 Rhg8 24. Rb2 f5 25. Na5 f4 26. Bf2 Kc7 27. b5 axb5 28. axb5 cxb5 29. Rxb5 Rb8 30. Rb6 d4 31. cxd4 e4 32. d5 Rxb6 33. cxb6+ Kd7 34. b7 e3 35. Be1 Bd6 36. Rb1 Ne5 37. Kf1 Bb8 38. Bc3 Ng4 39. Nc6 Nxh2+ 40. Kg1 Ng4 41. Rf1 Bd6 42. Bb4 Bxb4 43. Nxb4 Kc7 44. Rxf4 Kxb7 45. Kf1 Kc7 46. Nc2 Kd6 47. Rf5 Rb8 48. Rxh5 Rb2 49. Rh4 Rxc2 50. Rxg4 Kxd5 51. Ke1 Ke5 52. Rg8 Kf4 53. Rf8+ Kg4 54. Rg8+ 1/2-1/2

[Event "NED-ch Women 2018"]
[Site "Amsterdam"]
[Date "2018.07.03"]
[Round "2"]
[White "Haast, Anne"]
[Black "Hortensius, Lisa"]
[Result "1-0"]
[ECO "B48"]
[WhiteElo "2343"]
[BlackElo "2169"]
[Annotator "NA"]
[PlyCount "65"]
[EventDate "2018.07.02"]
[EventType "tourn"]
[EventCountry "NED"]
[SourceTitle "playchess.com"]
[Source "ChessBase"]
[SourceQuality "1"]
[TimeControl "40/5400+30:1800+30"]

1. e4 c5 2. Nf3 e6 3. d4 cxd4 4. Nxd4 Nc6 5. Nc3 Qc7 6. Be3 a6 7. Qf3 Ne5 8. Qg3 b5 $14 {[%emt 0:02:53] LiveBook: 10 Games} 9. O-O-O Nf6 10. f4 Neg4 11. Bg1 h5 12. Bd3 Bb7 13. h3 h4 14. Qf3 Nh6 15. Qe3 b4 16. Na4 Be7 17. Kb1 d5 18. e5 Ne4 19. g4 hxg3 20. Bxe4 dxe4 21. Qxg3 g6 22. Nxe6 fxe6 23. Qxg6+ Kf8 24. Bb6 Qc6 25. Rhg1 Nf5 26. Bc5 Bxc5 27. Qf6+ Ke8 28. Qxh8+ Bf8 29. Qh5+ Ke7 30. Qg5+ Ke8 31. Qg6+ Ke7 32. Qf6+ Ke8 33. Rg8 1-0

[Event "NED-ch Women 2018"]
[Site "Amsterdam"]
[Date "2018.07.03"]
[Round "2"]
[White "Paulet, Iozefina"]
[Black "Peng, Zhaoqin"]
[Result "1/2-1/2"]
[ECO "B15"]
[WhiteElo "2286"]
[BlackElo "2352"]
[Annotator "NA"]
[PlyCount "132"]
[EventDate "2018.07.02"]
[EventType "tourn"]
[EventCountry "NED"]
[SourceTitle "playchess.com"]
[Source "ChessBase"]
[SourceQuality "1"]
[TimeControl "40/5400+30:1800+30"]

1. e4 c6 2. d4 d5 3. Nd2 g6 4. h3 dxe4 5. Nxe4 Bg7 {[%emt 0:00:03] LiveBook: 57 Games} 6. Nf3 Nd7 7. Bc4 Ngf6 $14 8. Ned2 O-O 9. O-O c5 10. c3 cxd4 11. cxd4 Nb6 12. Bb3 a5 13. Nb1 a4 14. Bc2 Bd7 15. Nc3 Qc7 16. Ne5 a3 17. Nxd7 Nfxd7 18. Nb5 axb2 19. Bxb2 Qc6 20. a4 Nf6 21. Rc1 Qd7 22. Bb3 Rfc8 23. Rc5 Nbd5 24. Qf3 e6 25. Ba3 b6 26. Rxc8+ Rxc8 27. Bd6 Nc3 28. Be5 Nxb5 29. axb5 Nd5 30. Bxd5 exd5 31. Bxg7 Kxg7 32. Qe2 Qe6 33. Qd2 Qe4 34. Re1 Rc2 35. Qe3 Qxe3 36. fxe3 Rb2 37. Rc1 Rxb5 38. Rc6 h5 39. Kf2 Kf8 40. Kf3 Ke7 41. Kf4 f6 42. g4 hxg4 43. hxg4 Rb1 44. g5 Rf1+ 45. Kg3 Rg1+ 46. Kf2 Rxg5 47. Rxb6 Rf5+ 48. Kg2 Rh5 49. Ra6 Rh8 50. Kg3 Rd8 51. Kf4 Rd6 52. Ra7+ Ke6 53. Rg7 g5+ 54. Kg4 Rd7 55. Rg8 Kf7 56. Ra8 Re7 57. Kf3 g4+ 58. Kxg4 Rxe3 59. Kf5 Rf3+ 60. Kg4 Rf1 61. Ra6 Kg6 62. Rd6 Rg1+ 63. Kf4 Rg5 64. Rd7 Rh5 65. Kg4 Rg5+ 66. Kf4 Rh5 {[%emt 0:00:00] Ke4 [%emt 00:00:04]} 1/2-1/2

[Event "NED-ch Women 2018"]
[Site "Amsterdam"]
[Date "2018.07.03"]
[Round "2"]
[White "Ratsma, Rosa"]
[Black "Keetman, Maaike"]
[Result "1-0"]
[ECO "C17"]
[WhiteElo "2265"]
[BlackElo "2190"]
[Annotator "NA"]
[PlyCount "141"]
[EventDate "2018.07.02"]
[EventType "tourn"]
[EventCountry "NED"]
[SourceTitle "playchess.com"]
[Source "ChessBase"]
[SourceQuality "1"]
[TimeControl "40/5400+30:1800+30"]

1. e4 e6 2. d4 d5 3. Nc3 Bb4 4. e5 c5 5. Bd2 cxd4 6. Nb5 Bc5 7. b4 Be7 8. Nxd4 $14 Nc6 9. Nxc6 bxc6 10. Qg4 Kf8 11. Bd3 Qc7 12. f4 h5 13. Qe2 c5 14. bxc5 Bxc5 15. Rb1 Ne7 16. Nf3 Rb8 17. Rb3 Bd7 18. Be3 Rxb3 19. axb3 Qb6 20. Kf2 d4 21. Bd2 Bb5 22. b4 Bxd3 23. Qxd3 Bxb4 24. Bxb4 Qxb4 25. Qxd4 Qxd4+ 26. Nxd4 g5 27. fxg5 Kg7 28. Ke3 Rc8 29. Rb1 Nd5+ 30. Kd2 Nb6 31. Kd3 Kg6 32. h4 Nd7 33. Rb5 Nb6 34. g3 Nc4 35. Ke4 Nd2+ 36. Kd3 Nc4 37. Nf3 Na3 38. Rb2 Rc7 39. Ra2 Nc4 40. c3 Kf5 41. Nd4+ Kg4 42. Re2 Kxg3 43. g6 fxg6 44. Nxe6 Rc8 45. Re4 Nb6 46. Nd4 Nd7 47. Ne2+ Kh3 48. Ke3 Re8 49. Ng1+ Kg3 50. Ne2+ Kh3 51. Kd4 Rd8 52. Nf4+ Kg3 53. Nd5 g5 54. hxg5 h4 55. e6 h3 56. exd7 Rxd7 57. Re3+ Kg2 58. Ke5 h2 59. Nf4+ Kf1 60. Rh3 Kg1 61. Ne2+ Kg2 62. Nf4+ Kg1 63. g6 h1=Q 64. Rxh1+ Kxh1 65. Ne6 Rd2 66. g7 Rg2 67. Kf4 Rf2+ 68. Ke5 Rg2 69. Kf6 Rf2+ 70. Kg6 Rg2+ 71. Ng5 1-0

[Event "NED-ch Women 2018"]
[Site "Amsterdam"]
[Date "2018.07.03"]
[Round "2"]
[White "De Mie, Mariska de"]
[Black "Lanchava, Tea"]
[Result "0-1"]
[ECO "B07"]
[WhiteElo "2193"]
[BlackElo "2310"]
[Annotator "NA"]
[PlyCount "92"]
[EventDate "2018.07.02"]
[EventType "tourn"]
[EventCountry "NED"]
[SourceTitle "playchess.com"]
[Source "ChessBase"]
[SourceQuality "1"]
[TimeControl "40/5400+30:1800+30"]

1. e4 d6 2. d4 Nf6 3. Nc3 g6 4. h3 Bg7 {[%emt 0:00:58] LiveBook: 422 Games} 5. Be3 a6 6. g4 b5 7. Bg2 Bb7 8. a3 Nfd7 9. Qd2 $11 Nb6 10. b3 h6 11. Nge2 N8d7 12. d5 c5 13. dxc6 Bxc6 14. Bd4 Nf6 15. O-O Qc7 16. f4 e5 17. Be3 Rd8 18. Rad1 O-O 19. fxe5 dxe5 20. Qc1 Rxd1 21. Rxd1 h5 22. g5 Nfd7 23. Qd2 Rc8 24. Qe1 Bf8 25. Bc1 Bb7 26. Qg3 a5 27. Qf3 b4 28. axb4 axb4 29. Rf1 Nc5 30. Nd5 Nxd5 31. exd5 Rd8 32. c4 bxc3 33. Qxc3 Bxd5 34. Bxd5 Rxd5 35. Bb2 Qb6 36. Qf3 Qe6 37. b4 Rd3 38. Qg2 Na4 39. Ba1 Rxh3 40. Rf6 Qd7 41. Ng3 h4 42. Ne4 Qd3 43. Bxe5 Bg7 44. Qa2 Qe3+ 45. Rf2 Qe1+ 46. Kg2 Qh1# 0-1

[Event "NED-ch Women 2018"]
[Site "Amsterdam"]
[Date "2018.07.07"]
[Round "5"]
[White "Peng, Zhaoqin"]
[Black "Lanchava, Tea"]
[Result "1-0"]
[ECO "E94"]
[WhiteElo "2352"]
[BlackElo "2310"]
[Annotator "ChessBase"]
[PlyCount "145"]
[EventDate "2018.07.02"]
[EventType "tourn"]
[EventCountry "NED"]
[SourceTitle "playchess.com"]
[Source "ChessBase"]
[SourceQuality "1"]
[TimeControl "40/5400+30:1800+30"]

1. d4 d6 2. c4 Nf6 3. Nc3 Nbd7 4. e4 c6 5. Nf3 e5 6. Be2 g6 7. O-O Bg7 8. Be3 O-O 9. d5 c5 10. Nd2 h6 11. Qc2 Nh7 12. Kh1 a6 13. a3 f5 14. exf5 gxf5 15. f4 b6 16. Rae1 Qf6 17. fxe5 Nxe5 18. Nf3 Ng6 19. Bd3 Bd7 20. g4 Rae8 21. gxf5 Bxf5 22. Nd2 Bxd3 23. Qxd3 Nf4 24. Bxf4 Rxe1 25. Rxe1 Qxf4 26. Rf1 Qh4 27. Rxf8+ Nxf8 28. Nf3 Qf4 29. Ne2 Qf6 30. Ng3 Qxb2 31. Nf5 Qc1+ 32. Kg2 Qf4 33. Ne7+ Kf7 34. Qf5+ Qxf5 35. Nxf5 Nd7 36. Nxd6+ Kg6 37. a4 Bf8 38. Ne4 Kf5 39. Ng3+ Kf4 40. Kf2 Nf6 41. Ke2 h5 42. Nf1 Ne4 43. Nh4 Bd6 44. Ng2+ Kg4 45. Nge3+ Kg5 46. Kd3 Nf6 47. h3 Kf4 48. Ng2+ Kf3 49. Nh4+ Kf2 50. Nd2 Bb8 51. Ne4+ Nxe4 52. Kxe4 Kg3 53. Nf5+ Kxh3 54. Kf3 Kh2 55. d6 Kg1 56. d7 Bc7 57. Ng7 h4 58. Kg4 b5 59. Ne6 Ba5 60. axb5 axb5 61. cxb5 c4 62. d8=Q Bxd8 63. Nxd8 c3 64. Ne6 Kh2 65. Nd4 h3 66. b6 Kg2 67. b7 h2 68. b8=Q h1=Q 69. Qg3+ Kf1 70. Qd3+ Kg1 71. Qe3+ Kg2 72. Qf3+ Kh2 73. Qg3# 1-0

[Event "NED-ch Women 2018"]
[Site "Amsterdam"]
[Date "2018.07.07"]
[Round "5"]
[White "Paulet, Iozefina"]
[Black "Ratsma, Rosa"]
[Result "0-1"]
[ECO "B51"]
[WhiteElo "2286"]
[BlackElo "2265"]
[Annotator "ChessBase"]
[PlyCount "66"]
[EventDate "2018.07.02"]
[EventType "tourn"]
[EventCountry "NED"]
[SourceTitle "playchess.com"]
[Source "ChessBase"]
[SourceQuality "1"]
[TimeControl "40/5400+30:1800+30"]

1. e4 c5 2. Nf3 d6 3. Bb5+ Nd7 4. O-O a6 5. Bd3 Ngf6 6. Re1 b5 7. c3 Bb7 8. Bc2 e5 9. d4 cxd4 10. cxd4 Be7 11. d5 O-O 12. Nc3 Qc7 13. a3 Rfc8 14. Nh4 g6 15. Bh6 a5 16. Rc1 b4 17. Ne2 Ng4 18. Bd2 Bxh4 19. Ng3 h5 20. h3 Ngf6 21. Nf5 gxf5 22. g3 Kh8 23. Qf3 f4 24. Bxf4 Rg8 25. Be3 Qd8 26. Ba4 Nf8 27. Bc6 Bxc6 28. Rxc6 N8h7 29. Kh2 Bg5 30. Bb6 Qd7 31. Qd1 Rab8 32. axb4 axb4 33. Qa4 Rxb6 0-1

[Event "NED-ch Women 2018"]
[Site "Amsterdam"]
[Date "2018.07.07"]
[Round "5"]
[White "Hortensius, Lisa"]
[Black "De Mie, Mariska"]
[Result "1/2-1/2"]
[ECO "B41"]
[WhiteElo "2169"]
[BlackElo "2193"]
[Annotator "ChessBase"]
[PlyCount "181"]
[EventDate "2018.07.02"]
[EventType "tourn"]
[EventCountry "NED"]
[SourceTitle "playchess.com"]
[Source "ChessBase"]
[SourceQuality "1"]
[TimeControl "40/5400+30:1800+30"]

1. e4 c5 2. Nf3 e6 3. d4 cxd4 4. Nxd4 a6 5. Be2 Nf6 6. Nc3 Bb4 7. Qd3 d5 8. exd5 Nxd5 9. O-O Nxc3 10. bxc3 Be7 11. Qg3 O-O 12. Rd1 Qa5 13. Bf4 Nd7 14. a4 Re8 15. Bf3 Bf6 16. Bd2 Ne5 17. Be4 Nc4 18. Bxh7+ Kxh7 19. Qd3+ g6 20. Qxc4 Kg7 21. Nb3 Qh5 22. Bf4 e5 23. Bg3 Bf5 24. Nd2 Rac8 25. Qb3 Qe2 26. Qb1 Rxc3 27. Nf1 Bxc2 28. Re1 Bxb1 29. Rxe2 Bd3 30. Ree1 b5 31. axb5 axb5 32. Ne3 Rd8 33. Ng4 Rd5 34. Ra6 Bg5 35. Bxe5+ Rxe5 36. Nxe5 Bf5 37. Rb6 Rc5 38. Nf3 Bf6 39. h3 Bc3 40. Rc1 b4 41. Nd2 Re5 42. Nc4 Re2 43. Ne3 Be6 44. Rb1 Ra2 45. R6xb4 Bxb4 46. Rxb4 Ra1+ 47. Kh2 Kf6 48. Kg3 Ra5 49. Kf3 Ra3 50. Rb5 Ra4 51. Kg3 Kg7 52. Nd5 Ra3+ 53. f3 Bxd5 54. Rxd5 Ra1 55. h4 Kh6 56. Rd7 Kg7 57. Kg4 Ra4+ 58. f4 Ra2 59. g3 Ra5 60. Re7 Kf6 61. Re3 Kg7 62. Re5 Ra3 63. h5 Ra6 64. hxg6 Kxg6 65. Rg5+ Kf6 66. Rf5+ Kg6 67. Rb5 Rc6 68. Rb3 Kf6 69. Kf3 Rc1 70. Rb6+ Kg7 71. Kg4 Rc5 72. f5 f6 73. Rb4 Rc7 74. Kh5 Kf7 75. g4 Ra7 76. g5 fxg5 77. Kxg5 Ra6 78. Rb7+ Kf8 79. Rh7 Rb6 80. Rh8+ Kg7 81. Ra8 Rc6 82. Ra7+ Kf8 83. Rd7 Ra6 84. Kf4 Ra4+ 85. Ke5 Ra5+ 86. Kf6 Ra6+ 87. Kg5 Rb6 88. Ra7 Rc6 89. f6 Rc1 90. Kg6 Rg1+ 91. Kf5 1/2-1/2

[Event "NED-ch Women 2018"]
[Site "Amsterdam"]
[Date "2018.07.07"]
[Round "5"]
[White "Keetman, Maaike"]
[Black "Haast, Anne"]
[Result "0-1"]
[ECO "C45"]
[WhiteElo "2151"]
[BlackElo "2342"]
[Annotator "ChessBase"]
[PlyCount "110"]
[EventDate "2018.07.02"]
[EventType "tourn"]
[EventCountry "NED"]
[SourceTitle "playchess.com"]
[Source "ChessBase"]
[SourceQuality "1"]
[TimeControl "40/5400+30:1800+30"]

1. e4 e5 2. Nf3 Nc6 3. d4 exd4 4. Nxd4 Nf6 5. Nxc6 bxc6 6. e5 Qe7 7. Qe2 Nd5 8. h4 Bb7 9. c4 Nb6 10. Rh3 Qe6 11. Bf4 a5 12. Nd2 O-O-O 13. O-O-O a4 14. Ne4 f6 15. exf6 gxf6 16. Qc2 c5 17. Re3 Qf7 18. Ng3 d5 19. Qf5+ Kb8 20. Re6 Bd6 21. Rxf6 Qe8 22. Re6 Qf8 23. Rf6 Qe8 24. Bg5 a3 25. Re6 axb2+ 26. Kb1 Qa4 27. Qc2 Rdf8 28. Bf6 Rhg8 29. Bd3 Bc8 30. Rxd6 cxd6 31. Be7 Rxf2 32. Bxd6+ Ka7 33. Rd2 Qxc2+ 34. Rxc2 Rxc2 35. Kxc2 dxc4 36. Bxh7 Rg7 37. Be4 Na4 38. h5 Rxg3 39. Bxg3 b1=Q+ 40. Kxb1 Nc3+ 41. Kb2 Nxe4 42. Bf4 Kb6 43. h6 Bf5 44. g4 Bg6 45. Be3 Kb5 46. Ka3 c3 47. Kb3 c4+ 48. Kc2 Nf6+ 49. Kxc3 Nd5+ 50. Kd4 Nxe3 51. Kxe3 c3 52. Ke2 Ka4 53. Kd1 Ka3 54. Kc1 Kxa2 55. g5 Kb3 0-1

[Event "NED-ch Women 2018"]
[Site "Amsterdam"]
[Date "2018.07.07"]
[Round "6"]
[White "Haast, Anne"]
[Black "Ratsma, Rosa"]
[Result "1/2-1/2"]
[ECO "B36"]
[WhiteElo "2343"]
[BlackElo "2265"]
[Annotator "NA"]
[PlyCount "99"]
[EventDate "2018.07.02"]
[EventType "tourn"]
[EventCountry "NED"]
[SourceTitle "playchess.com"]
[Source "ChessBase"]
[SourceQuality "1"]
[TimeControl "40/5400+30:1800+30"]

1. e4 c5 2. Nf3 Nc6 3. d4 cxd4 4. Nxd4 g6 5. c4 Nf6 6. Nc3 d6 7. Be2 Nxd4 {[%emt 0:00:19] LiveBook: 2054 Games} 8. Qxd4 Bg7 9. Be3 O-O 10. Qd2 a5 11. Rd1 Be6 12. b3 a4 13. e5 Ng4 14. Bxg4 Bxg4 15. f3 Bf5 (15... Be6 $5 ) 16. Nxa4 Bxe5 17. O-O Qa5 18. Qxa5 Rxa5 19. Bb6 Ra6 20. Bd4 Bf4 21. g3 Bh6 22. Rfe1 Bc2 23. Ra1 e5 24. Be3 Bg7 25. Rac1 Bf5 26. Nc3 Be6 27. a4 f5 28. Rcd1 Rc8 29. Nd5 Kf7 30. Nb4 Raa8 31. Rxd6 b5 32. Rxe6 Kxe6 33. axb5 Ra3 34. Rb1 f4 35. Bf2 fxg3 36. hxg3 e4 37. b6 Be5 38. fxe4 Rf8 39. Nd3 Ra2 40. b7 Bb8 41. Nf4+ Kd7 42. Bc5 Rf7 43. b4 Kc6 44. Rd1 Kxb7 45. Bd6 Bxd6 46. Rxd6 g5 47. Ne6 Rf3 48. e5 Rxg3+ 49. Kh1 Re3 50. Rd7+ 1/2-1/2

[Event "NED-ch Women 2018"]
[Site "Amsterdam"]
[Date "2018.07.07"]
[Round "6"]
[White "Lanchava, Tea"]
[Black "Hortensius, Lisa"]
[Result "1-0"]
[ECO "A21"]
[WhiteElo "2310"]
[BlackElo "2169"]
[Annotator "NA"]
[PlyCount "97"]
[EventDate "2018.07.02"]
[EventType "tourn"]
[EventCountry "NED"]
[SourceTitle "playchess.com"]
[Source "ChessBase"]
[SourceQuality "1"]
[TimeControl "40/5400+30:1800+30"]

1. c4 g6 2. g3 Bg7 3. Bg2 e5 4. e4 Ne7 5. d3 d6 6. Nc3 c5 7. h4 h5 8. Bg5 f6 9. Be3 Nbc6 10. Qd2 Be6 11. Nh3 Qd7 12. f3 Nd4 13. Nf2 f5 14. Bg5 O-O-O 15. Nd5 Bxd5 16. exd5 Kb8 17. O-O Rdf8 18. b4 cxb4 19. Rab1 b3 20. Be3 Nc8 21. Bxd4 exd4 22. f4 Bf6 23. axb3 Re8 24. Bf3 Re7 25. b4 Rhe8 26. Ra1 Re3 27. Kg2 Qd8 28. Ra3 Qe7 29. Nd1 Re1 30. Rf2 Qd8 31. Be2 R1xe2 32. Rxe2 Re7 33. Ra2 Qe8 34. Rxe7 Qxe7 35. Qe2 Qf8 36. Qe6 Kc7 37. Re2 Ne7 38. c5 Nc8 39. Nb2 Be7 40. c6 bxc6 41. dxc6 Qe8 42. b5 a6 43. Qd7+ Qxd7 44. cxd7 Kxd7 45. bxa6 d5 46. Na4 Bd6 47. Rb2 Kc6 48. Rc2+ Kd7 49. Nc5+ 1-0

[Event "NED-ch Women 2018"]
[Site "Amsterdam"]
[Date "2018.07.07"]
[Round "6"]
[White "Keetman, Maaike"]
[Black "Peng, Zhaoqin"]
[Result "1-0"]
[ECO "B12"]
[WhiteElo "2190"]
[BlackElo "2352"]
[Annotator "NA"]
[PlyCount "122"]
[EventDate "2018.07.02"]
[EventType "tourn"]
[EventCountry "NED"]
[SourceTitle "playchess.com"]
[Source "ChessBase"]
[SourceQuality "1"]
[TimeControl "40/5400+30:1800+30"]

1. e4 c6 2. d4 d5 3. Nd2 g6 4. h3 Bg7 5. Ngf3 Nh6 6. Bd3 O-O 7. O-O b6 8. Qe2 a5 9. Re1 e6 10. c3 f6 11. Nf1 Nf7 12. c4 Na6 13. Ne3 Nb4 14. exd5 exd5 15. cxd5 Nxd3 16. Qxd3 cxd5 17. Bd2 Bb7 18. b4 Nd6 19. bxa5 bxa5 20. Rab1 Rf7 21. Rec1 Ba6 22. Qa3 Nc4 23. Nxc4 Bxc4 24. Bf4 a4 25. Bd6 Bxa2 26. Ra1 Bc4 27. Qb4 Bh6 28. Rcb1 Bb3 29. Bc5 Rb8 30. Qc3 Bf8 31. Nd2 Rfb7 32. Ra3 Bxc5 33. dxc5 d4 34. Qg3 Bc2 35. Rxb7 Rxb7 36. Nc4 Qd5 37. Nb6 Qxc5 38. Nxa4 Qc6 39. Qg4 Rb1+ 40. Kh2 Bxa4 41. Qxd4 Qc7+ 42. f4 Bc6 43. Qxf6 Qd7 44. Re3 Qd5 45. Qe6+ Qxe6 46. Rxe6 Rc1 47. Re2 Kf7 48. g4 Rc3 49. Ra2 Ke6 50. Ra7 Bd7 51. Ra5 h6 52. f5+ Kf6 53. fxg6 Kxg6 54. Ra6+ Kg5 55. h4+ Kxg4 56. Rxh6 Rc2+ 57. Kg1 Kg3 58. Kf1 Bg4 59. Ke1 Re2+ 60. Kf1 Re8 61. Rg6 Rd8 1-0